 Dungeon Sprint DCSS version 0.21.1-1-g345015f (webtiles) character file.

96294 Psiloshibe the Shatterer (level 15, -4/148 HPs)
             Began as a Barachi Berserker on June 9, 2018.
             Was the Champion of Trog.
             Killed from afar by a nagaraja (33 damage)
             ... with an orb of energy
             ... in the Dungeon (Sprint IX: "|||||||||||||||||||||||||||||").
             The game lasted 00:40:07 (4160 turns).

Psiloshibe the Shatterer (Barachi Berserker)        Turns: 4160, Time: 00:40:09

Health: -4/148     AC: 31    Str: 22    XL:     15   Next: 76%
Magic:  23/24      EV: 10    Int:  8    God:    Trog [******]
Gold:   1211       SH: 19    Dex: 17    Spells: 14/14 levels left

rFire    . . .     SeeInvis .   a - +2 demon whip (venom)
rCold    . . .     Gourm    .   D - +2 large shield
rNeg     . . .     Faith    .   Y - +0 plate armour {rPois}
rPois    +         Spirit   .   T - +1 helmet
rElec    .         Reflect  .   A - +0 cloak {MR+}
rCorr    .         Harm     .   R - +0 pair of gloves {Dex+3}
MR       ++++.     NoTele   +   S - +1 pair of boots
Stlth    ..........             O - amulet of regeneration
HPRegen  1.74/turn              C - +2 ring of slaying
MPRegen  0.19/turn              F - +4 ring of protection

@: lethally poisoned (-4 -> -5), can't hop, regenerating, slow
A: +LOS, swims, slowness 1, strong legs 2
}: 1/15 runes: barnacled
a: Hop, Berserk, Trog's Hand, Brothers in Arms, Burn Spellbooks, Renounce
Religion


You were in the Dungeon.
You worshipped Trog.
Trog was exalted by your worship.
You were hungry.

You visited 1 branch You collected 1908 gold pieces.
You spent 697 gold pieces at shops.

Inventory:

Hand Weapons
 a - a +2 demon whip of venom (weapon)
 b - a +3 blowgun
 j - a +2 antimagic eveningstar
 z - a +2 dire flail of protection
 P - a +3 dire flail of crushing
 V - a +2 morningstar of holy wrath
Missiles
 n - 25 javelins of returning
 q - 35 poisoned javelins
 r - 16 needles of sleeping
 y - 4 tomahawks of returning
 E - 33 silver javelins
 G - 5 exploding tomahawks
 I - 16 steel javelins
 K - 4 needles of paralysis
 L - 22 needles of confusion
 M - 4 needles of frenzy
 W - 8 silver tomahawks
 X - 8 steel tomahawks
 Z - 9 javelins of penetration (quivered)
Armour
 A - a +0 cloak of magic resistance (worn)
 D - a +2 large shield (worn)
 R - a +0 pair of gloves of dexterity (worn)
 S - a +1 pair of boots (worn)
 T - a +1 helmet (worn)
 Y - a +0 plate armour of poison resistance (worn)
Jewellery
 C - a +2 ring of slaying (left hand)
 F - a +4 ring of protection (right hand)
 N - a +4 ring of protection
 O - an amulet of regeneration (around neck)
 Q - a +6 ring of dexterity
Wands
 m - a wand of acid (7)
Scrolls
 i - 4 scrolls of blinking
 l - 3 scrolls of remove curse
 s - a scroll of enchant weapon
 t - a scroll of identify
 u - a scroll of magic mapping
 v - 5 scrolls of enchant armour
 w - 6 scrolls of fog
 x - 5 scrolls of fear
Potions
 d - 9 potions of curing
 e - 9 potions of heal wounds
 f - 3 potions of haste
 g - 4 potions of magic
 h - 3 potions of berserk rage
 k - a potion of invisibility
 o - a potion of agility
 p - a potion of brilliance
 B - 2 potions of might
 U - a potion of resistance
Miscellaneous
 J - a lightning rod (4/4)
Comestibles
 c - 10 rations
 H - 18 chunks of flesh


   Skills:
 * Level 22.5 Fighting
 + Level 24.1 Maces & Flails
 * Level 22.3 Throwing
 * Level 18.6 Armour
 + Level 9.7 Dodging
 + Level 2.1 Stealth
 * Level 9.3 Shields
 * Level 12.0 Evocations


You had 14 spell levels left.
You didn't know any spells.

Dungeon Overview and Level Annotations

Branches:
Dungeon (1/1)

Altars:
Cheibriados
Dithmenos
Elyvilon
Fedhas
Gozag
Hepliaklqana
Kikubaaqudgha
Makhleb
Nemelex Xobeh
Okawaru
Qazlal
Ru
Sif Muna
Trog
Uskayaw
Vehumet
Wu Jian
Xom
Yredelemnul
Zin
The Shining One
Beogh
Jiyva
Lugonu

Shops:
D (}!%


Innate Abilities, Weirdness & Mutations

Shadows flee at your approach. (+LOS)
You can swim through water.
You cover ground slowly.
You can hop long distances.


Message History

The javelin of penetration barely misses the naga warrior.
The javelin of penetration pierces through the guardian serpent!!!
You kill the guardian serpent!
Trog accepts your kill. Something appears at your feet!
Trog grants you a weapon!
Trog appreciates your killing of a magic user.
Your lightning rod (2/4) has regained one charge.
You feel sick.
You kill the nagaraja!
Trog accepts your kill.
Trog appreciates your killing of a magic user.
Your lightning rod (4/4) has regained two charges.
Your Shields skill increases to level 9!
Your Evocations skill increases to level 12!
The nagaraja spits poison at you. You block the splash of poison.
The nagaraja gestures at you while chanting.
The orb of energy hits you!
You die...

▓▓▓▓▓▓▓▓▓▓▓▓▓▓▓▓▓▓▓▓▓▓▓▓▓▓▓▓
...)))))))))....@))§)NNN(...
▓▓▓▓▓▓▓▓▓▓▓▓▓▓▓▓▓▓▓▓▓▓▓▓▓▓▓▓▓▓▓♣♣
................................)
▓▓▓▓▓▓▓▓▓▓▓▓▓▓▓▓▓▓▓▓▓▓▓▓▓▓▓▓▓▓▓▓▓
........'.........))))))...[[[[[[
▓▓▓▓▓▓▓▓▓▓▓▓▓▓▓▓▓▓▓▓▓▓▓▓▓▓▓▓▓▓▓▓▓
.................................
▓▓▓▓▓▓▓▓▓▓▓▓▓▓▓▓▓▓▓▓▓▓▓▓▓▓▓▓▓▓▓▓▓
........[(.(.([)))..(.)....))..)'


You could see 2 naga warriors and a nagaraja.

Vanquished Creatures
  Boris (D)
  Xtahua (D)
  Nikola (D)
  A sphinx (D)
  Donald (D)
  5 nagarajas (D)
  Ilsuiw (D)
  A fire giant (D)
  A vault warden (D)
  2 frost giants (D)
  2 stone giants (D)
  Louise (D)
  An entropy weaver (D)
  A very ugly thing (D)
  An ettin (D)
  4 merfolk impalers (D)
  A spark wasp (D)
  4 merfolk javelineers (D)
  Snorg (D)
  3 yaktaur captains (D)
  A fire dragon (D)
  Erolcha (D)
  A hydra (D)
  5 ice dragons (D)
  2 rakshasas (D)
  A spriggan air mage (D)
  A naga warrior (D)
  An anaconda (D)
  6 merfolk aquamancers (D)
  A two-headed ogre (D)
  An alligator (D)
  5 orc high priests (D)
  A deep troll earth mage (D)
  A skeletal warrior (D)
  An unseen horror (shapeshifter) (D)
  A glowing orange brain (D)
  2 ironbrand convokers (D)
  A naga ritualist (D)
  2 wizards (D)
  2 orc knights (D)
  A mana viper (D)
  2 ugly things (D)
  An orb spider (D)
  A wolf spider (D)
  Maurice (D)
  5 naga magi (D)
  2 guardian serpents (D)
  A moth of wrath (D)
  A black mamba (D)
  3 water nymphs (D)
  2 merfolk sirens (D)
  A spiny frog (D)
  2 yaktaurs (D)
  2 trolls (D)
  A merfolk (D)
  2 jumping spiders (D)
  3 polar bears (D)
  2 slime creatures (D)
  2 hippogriffs (D)
  A snapping turtle (D)
  A tarantella (D)
  A wyvern (D)
  2 yaks (D)
  A hungry ghost (D)
  A naga (D)
  An acid dragon (D)
  A porcupine (D)
  8 orc warriors (D)
  A sky beast (D)
  5 black bears (D)
  A necrophage (D)
  A boggart (D)
  A wolf (D)
  A centaur (D)
  2 crocodiles (D)
  5 orc priests (D)
  A hound (D)
  6 orc wizards (D)
  2 iguanas (D)
  A worker ant (D)
  An adder (D)
  A shadow imp (D)
  An adder skeleton (D)
  8 orcs (D)
  A bat zombie (D)
  A goblin (D)
  2 hobgoblins (D)
  2 jackals (D)
  A quokka (D)
  A leopard gecko simulacrum (D)
  A leopard gecko skeleton (D)
  A quokka simulacrum (D)
  A quokka zombie (D)
  A rat (D)
173 creatures vanquished.

Vanquished Creatures (collateral kills)
  A thorn hunter (D)
  A very ugly thing (D)
  3 stone giants (D)
  A yaktaur captain (D)
  A rakshasa (D)
  An ogre mage (D)
  A ghost crab (D)
  4 orc high priests (D)
  An ugly thing (D)
  A black mamba (D)
  A spiny frog (D)
  A demonic crawler (D)
  A yaktaur (D)
  A hornet (D)
  A redback (D)
  2 water moccasins (D)
  A porcupine (D)
  3 crocodiles (D)
  2 bullfrogs (D)
  An orc priest (D)
29 creatures vanquished.

Vanquished Creatures (others)
  A spriggan druid (D)
  A shambling mangrove (D)
  A guardian serpent (D)
  A hornet (D)
  A vampire mosquito (D)
  2 swamp drakes (D)
7 creatures vanquished.

Grand Total: 209 creatures vanquished

Notes
Turn   | Place    | Note
-------+----------+-------------------------------------------
     0 | D        | Psiloshibe the Barachi Berserker began the quest for the Orb.
     0 | D        | Reached XP level 1. HP: 18/18 MP: 1/1
    11 | D        | Reached ** piety under Trog
    12 | D        | Reached skill level 4 in Maces & Flails
   139 | D        | Reached XP level 2. HP: 25/26 MP: 2/2
   141 | D        | Reached *** piety under Trog
   145 | D        | Reached skill level 5 in Fighting
   145 | D        | Reached skill level 1 in Throwing
   157 | D        | Reached skill level 5 in Maces & Flails
   169 | D        | Found a roughly hewn altar of Beogh.
   169 | D        | Found a snail-covered altar of Cheibriados.
   169 | D        | Found a shadowy altar of Dithmenos.
   169 | D        | Found a white marble altar of Elyvilon.
   169 | D        | Found a blossoming altar of Fedhas.
   169 | D        | Found an opulent altar of Gozag.
   169 | D        | Found a hazy altar of Hepliaklqana.
   170 | D        | Found a viscous altar of Jiyva.
   171 | D        | Found an ancient bone altar of Kikubaaqudgha.
   172 | D        | Found a corrupted altar of Lugonu.
   173 | D        | Found a burning altar of Makhleb.
   174 | D        | Found a sparkling altar of Nemelex Xobeh.
   175 | D        | Found an iron altar of Okawaru.
   176 | D        | Found a stormy altar of Qazlal.
   177 | D        | Found a sacrificial altar of Ru.
   178 | D        | Found a deep blue altar of Sif Muna.
   179 | D        | Found a bloodstained altar of Trog.
   180 | D        | Found a hide-covered altar of Uskayaw.
   181 | D        | Found a radiant altar of Vehumet.
   182 | D        | Found an ornate altar of the Wu Jian Council.
   183 | D        | Found a shimmering altar of Xom.
   184 | D        | Found a basalt altar of Yredelemnul.
   185 | D        | Found a glowing silver altar of Zin.
   186 | D        | Found a glowing golden altar of the Shining One.
   240 | D        | Noticed a centaur
   240 | D        | Noticed a yak
   240 | D        | Noticed a hippogriff
   249 | D        | Received a gift from Trog
   249 | D        | Reached skill level 6 in Maces & Flails
   249 | D        | Reached XP level 3. HP: 29/34 MP: 3/3
   256 | D        | Killed a centaur
   256 | D        | Reached skill level 7 in Maces & Flails
   256 | D        | Reached XP level 4. HP: 38/43 MP: 4/4
   256 | D        | Reached XP level 5. HP: 42/48 MP: 5/5
   264 | D        | Killed a yak
   264 | D        | Reached **** piety under Trog
   264 | D        | Reached skill level 9 in Maces & Flails
   264 | D        | Reached skill level 5 in Armour
   264 | D        | Reached XP level 6. HP: 34/57 MP: 6/6
   277 | D        | Reached skill level 10 in Maces & Flails
   284 | D        | Received a gift from Trog
   291 | D        | Killed a hippogriff
   291 | D        | Reached skill level 11 in Maces & Flails
   291 | D        | Reached XP level 7. HP: 47/64 MP: 7/7
   306 | D        | Noticed a troll
   312 | D        | Killed a troll
   312 | D        | Received a gift from Trog
   312 | D        | Reached skill level 10 in Fighting
   312 | D        | Reached skill level 12 in Maces & Flails
   312 | D        | Reached skill level 5 in Throwing
   312 | D        | Reached skill level 1 in Stealth
   314 | D        | Received a gift from Trog
   314 | D        | Reached skill level 5 in Dodging
   327 | D        | Reached ***** piety under Trog
   401 | D        | Noticed Erolcha
   419 | D        | Killed Erolcha
   419 | D        | Reached skill level 14 in Maces & Flails
   419 | D        | Reached XP level 8. HP: 75/75 MP: 8/8
   473 | D        | Noticed a yak
   473 | D        | Noticed a spiny frog
   481 | D        | Killed a yak
   481 | D        | Received a gift from Trog
   494 | D        | Killed a spiny frog
   494 | D        | Reached XP level 9. HP: 27/82 MP: 9/9
   500 | D        | Received a gift from Trog
   503 | D        | Received a gift from Trog
   503 | D        | Reached skill level 15 in Maces & Flails
   529 | D        | Noticed a four-headed hydra
   530 | D        | Received a gift from Trog
   542 | D        | Killed a five-headed hydra
   550 | D        | Received a gift from Trog
   550 | D        | Reached skill level 10 in Armour
   552 | D        | Noticed a black mamba
   554 | D        | Reached skill level 16 in Maces & Flails
   582 | D        | Killed a black mamba
   582 | D        | Received a gift from Trog
   674 | D        | Reached XP level 10. HP: 91/91 MP: 10/10
   727 | D        | Received a gift from Trog
   857 | D        | Noticed a stone giant
   867 | D        | Killed a stone giant
   867 | D        | Reached skill level 17 in Maces & Flails
   874 | D        | Received a gift from Trog
   875 | D        | Received a gift from Trog
   883 | D        | Reached ****** piety under Trog
   883 | D        | Received a gift from Trog
   884 | D        | Received a gift from Trog
  1040 | D        | Noticed an orc high priest
  1042 | D        | Noticed an orc knight
  1048 | D        | Killed an orc high priest
  1053 | D        | Reached skill level 18 in Maces & Flails
  1053 | D        | Reached XP level 11. HP: 100/101 MP: 11/11
  1059 | D        | Killed an orc knight
  1062 | D        | Received a gift from Trog
  1125 | D        | Found Rutocosa's Antique Weapon Emporium.
  1125 | D        | Noticed an orc high priest
  1125 | D        | Noticed an orc high priest
  1126 | D        | Found Jiboeb's Gadget Shoppe.
  1127 | D        | Noticed an orc high priest
  1128 | D        | Noticed an orc high priest
  1129 | D        | Received a gift from Trog
  1133 | D        | Killed an orc high priest
  1134 | D        | Found Hyarghox's Distillery.
  1138 | D        | Killed an orc high priest
  1138 | D        | Reached skill level 15 in Fighting
  1138 | D        | Reached skill level 19 in Maces & Flails
  1141 | D        | Noticed an orc high priest
  1142 | D        | Noticed a soul eater
  1142 | D        | Killed an orc high priest
  1142 | D        | Reached skill level 10 in Throwing
  1143 | D        | Killed an orc high priest
  1143 | D        | Reached skill level 1 in Evocations
  1151 | D        | Received a gift from Trog
  1155 | D        | Killed an orc high priest
  1180 | D        | Found Huorchikk's Food Shoppe.
  1187 | D        | Noticed an orc high priest
  1196 | D        | Noticed an orc high priest
  1196 | D        | Killed an orc high priest
  1198 | D        | Noticed an orc high priest
  1201 | D        | Killed an orc high priest
  1203 | D        | Killed an orc high priest
  1203 | D        | Reached skill level 20 in Maces & Flails
  1208 | D        | Bought a lightning rod (4/4) for 560 gold pieces
  1236 | D        | Bought a runed blowgun for 137 gold pieces
  1904 | D        | Noticed Maurice
  1915 | D        | Killed Maurice
  2093 | D        | Noticed a green ugly thing
  2093 | D        | Noticed a rakshasa
  2110 | D        | Noticed a two-headed ogre
  2110 | D        | Killed a green ugly thing
  2110 | D        | Received a gift from Trog
  2115 | D        | Noticed a frost giant
  2137 | D        | Killed a rakshasa
  2137 | D        | Reached XP level 12. HP: 111/111 MP: 11/13
  2142 | D        | Killed a frost giant
  2142 | D        | Reached skill level 21 in Maces & Flails
  2150 | D        | Killed a two-headed ogre
  2171 | D        | Noticed a stone giant
  2172 | D        | Noticed a purple very ugly thing
  2173 | D        | Noticed a stone giant
  2174 | D        | Noticed an ogre mage
  2185 | D        | Killed a stone giant
  2185 | D        | Received a gift from Trog
  2188 | D        | Killed a purple very ugly thing
  2188 | D        | Received a gift from Trog
  2197 | D        | Killed a stone giant
  2198 | D        | Killed an ogre mage
  2221 | D        | Received a gift from Trog
  2382 | D        | Noticed Snorg
  2391 | D        | Killed Snorg
  2437 | D        | Noticed a ghost crab
  2437 | D        | Noticed an alligator
  2438 | D        | Noticed a thorn hunter
  2456 | D        | Killed a ghost crab
  2456 | D        | Received a gift from Trog
  2462 | D        | Killed an alligator
  2476 | D        | Received a gift from Trog
  2476 | D        | Reached skill level 22 in Maces & Flails
  2483 | D        | Killed a thorn hunter
  2507 | D        | Noticed an entropy weaver
  2510 | D        | Received a gift from Trog
  2522 | D        | Killed an entropy weaver
  2522 | D        | Received a gift from Trog
  2527 | D        | Received a gift from Trog
  2575 | D        | Noticed an anaconda
  2575 | D        | Noticed a naga warrior
  2578 | D        | Gained mutation: You can hop long distances. [Barachi growth]
  2578 | D        | Reached XP level 13. HP: 87/122 MP: 15/15
  2579 | D        | Received a gift from Trog
  2585 | D        | Received a gift from Trog
  2616 | D        | Noticed a merfolk impaler
  2616 | D        | Noticed a merfolk impaler
  2624 | D        | Killed a merfolk impaler
  2625 | D        | Killed a merfolk impaler
  2625 | D        | Received a gift from Trog
  2628 | D        | Received a gift from Trog
  2629 | D        | Reached skill level 15 in Armour
  2659 | D        | Received a gift from Trog
  2660 | D        | Received a gift from Trog
  2859 | D        | Noticed an ettin
  2859 | D        | Noticed a rakshasa
  2859 | D        | Noticed a fire dragon
  2859 | D        | Noticed a yaktaur captain
  2859 | D        | Noticed an ice dragon
  2860 | D        | Noticed a brown very ugly thing
  2868 | D        | Killed a rakshasa
  2868 | D        | Reached skill level 23 in Maces & Flails
  2869 | D        | Reached skill level 5 in Evocations
  2870 | D        | Noticed a stone giant
  2871 | D        | Killed an ettin
  2871 | D        | Killed a fire dragon
  2871 | D        | Received a gift from Trog
  2873 | D        | Noticed a yaktaur captain
  2873 | D        | Killed a brown very ugly thing
  2873 | D        | Killed an ice dragon
  2873 | D        | Received a gift from Trog
  2875 | D        | Killed a yaktaur captain
  2875 | D        | Received a gift from Trog
  2875 | D        | Reached skill level 15 in Throwing
  2877 | D        | Killed a stone giant
  2880 | D        | Killed a yaktaur captain
  2880 | D        | Received a gift from Trog
  2934 | D        | Noticed a frost giant
  2935 | D        | Noticed a yaktaur captain
  2942 | D        | Killed a frost giant
  2942 | D        | Received a gift from Trog
  2942 | D        | Reached XP level 14. HP: 109/134 MP: 18/18
  2945 | D        | Received a gift from Trog
  2972 | D        | Received a gift from Trog
  2974 | D        | Noticed a fire giant
  2980 | D        | Killed a fire giant
  2980 | D        | Received a gift from Trog
  2987 | D        | Received a gift from Trog
  3058 | D        | Received a gift from Trog
  3075 | D        | Received a gift from Trog
  3081 | D        | Received a gift from Trog
  3089 | D        | Noticed a vault warden
  3096 | D        | Killed a vault warden
  3126 | D        | Noticed a stone giant
  3130 | D        | Killed a stone giant
  3137 | D        | Received a gift from Trog
  3151 | D        | Noticed a sphinx
  3160 | D        | Killed a sphinx
  3435 | D        | Noticed Louise
  3446 | D        | Killed Louise
  3446 | D        | Received a gift from Trog
  3510 | D        | Noticed Nikola
  3519 | D        | Killed Nikola
  3804 | D        | Noticed Xtahua
  3832 | D        | Killed Xtahua
  3832 | D        | Reached XP level 15. HP: 76/143 MP: 20/22
  3863 | D        | Noticed Boris
  3893 | D        | Killed Boris
  3893 | D        | Reached skill level 10 in Evocations
  3901 | D        | Noticed Donald
  3913 | D        | Killed Donald
  3913 | D        | Received a gift from Trog
  3974 | D        | Noticed Ilsuiw
  3986 | D        | Received a gift from Trog
  3986 | D        | Reached skill level 5 in Shields
  3990 | D        | Killed Ilsuiw
  3993 | D        | Received a gift from Trog
  3993 | D        | Reached skill level 24 in Maces & Flails
  4006 | D        | Received a gift from Trog
  4042 | D        | Got a barnacled rune of Zot
  4136 | D        | Noticed a nagaraja
  4136 | D        | Noticed a nagaraja
  4136 | D        | Noticed a nagaraja
  4136 | D        | Noticed a nagaraja
  4139 | D        | Killed a nagaraja
  4139 | D        | Received a gift from Trog
  4141 | D        | Noticed a nagaraja
  4143 | D        | Received a gift from Trog
  4145 | D        | Killed a nagaraja
  4145 | D        | Received a gift from Trog
  4146 | D        | Noticed a nagaraja
  4147 | D        | Killed a nagaraja
  4147 | D        | Received a gift from Trog
  4147 | D        | Received a gift from Trog
  4150 | D        | Killed a nagaraja
  4160 | D        | Received a gift from Trog
  4160 | D        | Killed a nagaraja
  4160 | D        | Killed from afar by a nagaraja

Skill      XL: |  1  2  3  4  5  6  7  8  9 10 11 12 13 14 15 |
---------------+----------------------------------------------+-----
Fighting       | 4 5 7 8 9 11 12 14 16 18 19 20 22 | 22.5
Maces & Flails | 4 6 7 9 11 14 16 18 20 22 23 24 | 24.1
Throwing       | 2 3 4 6 7 9 10 12 15 20 22 | 22.3
Armour         | 3 4 5 6 8 10 11 12 14 15 17 18 | 18.6
Dodging        | 3 4 5 6 7 8 9 |  9.7
Stealth        | 1 2 |  2.1
Evocations     | 1 2 6 9 12 | 12.0
Shields        | 2 9 |  9.3

Action                   |  1- 3 |  4- 6 |  7- 9 | 10-12 | 13-15 || total
-------------------------+-------+-------+-------+-------+-------++-------
Melee: Mace              |    36 |       |       |       |       ||    36
       Dire flail        |    13 |    32 |    57 |    47 |    31 ||   180
       Great mace        |       |       |       |    82 |       ||    82
       Demon whip        |       |       |       |       |    57 ||    57
 Fire: Blowgun           |       |       |       |    18 |    22 ||    40
Throw: Javelin           |       |       |    15 |    25 |   113 ||   153
Invok: Trog's Hand       |     1 |     1 |     6 |     8 |     9 ||    25
       Berserk           |       |       |     1 |     4 |     2 ||     7
       Brothers in Arms  |       |       |     3 |     6 |     1 ||    10
 Abil: Hop               |       |       |     1 |     2 |     1 ||     4
Evoke: Wand              |       |       |       |     3 |       ||     3
       Lightning rod     |       |       |       |     5 |    44 ||    49
  Use: Scroll            |       |       |       |       |     3 ||     3
  Eat: Chunk             |       |       |     4 |    13 |    10 ||    27
       Ration            |       |       |       |     1 |       ||     1
Armor: Animal skin       |     6 |       |       |       |       ||     6
       Scale mail        |     2 |    13 |    17 |    48 |    26 ||   106
       Plate armour      |       |       |       |       |    39 ||    39
Dodge: Dodged            |    37 |    25 |    45 |    97 |    78 ||   282
Block: Large shield      |       |       |       |       |    44 ||    44
